← All builds
Tech / Armada / Economy first / OBSERVED BUILD

Standard tech

Armada Tech (Eco) build order · Supreme Isthmus

Rushes T2 by 4:15, gets Advanced Metal Extractor around 5:28, hands off T2 constructors to Geo and the team, then scales eco and supplies the team's T2 needs through the rest of the game.

Usually first T2 con to Geo (83%)

#eco #t2 #team support · 1602 distinct matches · 255 players · 60% of Armada Tech games · team won 53% of 1912 · Recently observed

HOW TO PLAY IT

Key timing: T2 factory by 4:15

  1. Open 3 mex and heavy wind to fund a fast T2 rush.
  2. Put down Bot Lab, planning to eat it for reclaim soon after.
  3. Get Advanced Bot Lab up, hitting the T2 factory rush timing.
  4. Upgrade mex to Advanced Metal Extractor to lock in team metal income.
  5. Eat Advanced Bot Lab and keep sending cons to Geo and Pond.

Phase by phase

TYPICAL OF ITS 1602 GAMES
  1. 1
  2. 2
  3. 3
  4. 4
PLAY THE OPENING

Follow the example game's first 6:00 step by step: what to build now, what comes next, and where it goes. At 1× it keeps pace with your own game.

  1. 1

    Up to the Bot Lab

    Economy
    • Metal Extractor3Mex
    • Wind Turbine4Wind
    Order
    1. Bot LabBot Lab after 3 mex, 4 winddone ~1:18, middle half 1:13–1:32

    Some games also: energy storage (31%)

    By 1:01 in all: 3 mex · 4 wind

    The example game in this phase · 4 steps
    1. Mex ×3
    2. Wind ×4
    3. Energy storage
    4. Bot LabBot Labdone 1:30 · typical 1:18
  2. 2

    Bot Lab to Advanced Bot Lab

    Economy
    • Metal Extractor1Mex
    • Wind Turbine8Wind
    • Energy Storage1Energy storage
    Order
    1. Advanced Bot LabAdvanced Bot Lab after 4 mex, 12 wind, 3 con turretdone ~4:16, middle half 4:04–4:30
    Builders
    • Construction Turret3 Con turret
    • Lazarus3 Lazarus
    • Construction Bot2 Con bot
    • Construction Bot1 Con bot for allies

    Some games also: converter (36%)

    By 3:18 in all: 4 mex · 12 wind · 1 energy storage · 3 con turret

    The example game in this phase · 10 steps
    1. Wind
    2. Construction BotCon bot
    3. Construction BotCon botfor Air
    4. LazarusLazarus
    5. Wind ×3
    6. Mex
    7. Construction BotCon bot
    8. Wind ×4
    9. LazarusLazarus
    10. Advanced Bot LabAdvanced Bot Labdone 4:01 · typical 4:16
  3. 3

    Advanced Bot Lab to 5:00

    Economy
    • Wind Turbine3Wind
    Order
    1. Bot LabEat Bot Lab
    Builders
    • Advanced Construction Bot1 T2 con bot for allies

    Some games also: converter (35%)

    By 5:00 in all: 4 mex · 15 wind · 1 converter · 1 energy storage · 3 con turret

    The example game in this phase · 7 steps
    1. Wind ×3
    2. Converter ×2
    3. Bot LabEat Bot Labreclaimed for its metal
    4. GunslingerGunslingerfor Ponddone 4:18
    5. Advanced Construction BotT2 con botfor Geo
    6. Advanced Metal ExtractorT2 mexdone 5:16 · typical 5:29
    7. Advanced Construction BotT2 con bot
  4. 4

    5:00 to 10:00

    Economy
    • Wind Turbine43Wind
    • Energy Converter6Converter
    Builders
    • Butler9 Butler
    • Advanced Construction Bot4 T2 con bot for allies
    • Advanced Construction Bot1 T2 con bot

    Some games also: con turret (43%) · Butler for allies (37%)

    By 10:00 in all: 4 mex · 58 wind · 8 converter · 1 energy storage · 3 con turret

    The example game in this phase · 170 steps
    1. Advanced Construction BotT2 con botfor Air
    2. Wind ×3
    3. SharpshooterSniper botfor Ponddone 5:59
    4. Wind
    5. Advanced Construction BotT2 con bot ×5for Geo sea
    6. SharpshooterSniper botfor Pond
    7. ButlerButlerfor Geo sea
    8. Advanced Construction BotT2 con bot
    9. ButlerButlerfor Beach sea
    10. Advanced Construction BotT2 con bot
    11. ButlerButler
    12. Advanced Metal ExtractorT2 mex
    13. ButlerButler
    14. SharpshooterSniper bot
    15. Advanced Metal ExtractorT2 mex
    16. ButlerButler ×2
    17. Advanced Metal ExtractorT2 mex
    18. ButlerButlerfor Geo sea
    19. ButlerButler
    20. Wind ×4
    21. ButlerButler
    22. Wind ×5
    23. ButlerButlerfor Pond
    24. Wind ×4
    25. ButlerButler
    26. Wind ×4
    27. ButlerButler
    28. Wind ×6
    29. ButlerButler
    30. Wind ×3
    31. ButlerButler
    32. Wind ×7
    33. ButlerButler
    34. Wind ×7
    35. ButlerButler
    36. Wind ×6
    37. ButlerButler
    38. Converter
    39. Wind ×4
    40. Con turret
    41. Wind ×2
    42. ButlerButler
    43. Wind
    44. Converter
    45. Wind ×5
    46. ButlerButler
    47. CitadelAnti-nukedone 13:39
    48. Wind ×2
    49. Converter
    50. Wind ×4
    51. Converter
    52. Wind
    53. ButlerButler
    54. Wind
    55. Converter
    56. Wind ×3
    57. Converter
    58. Wind ×3
    59. ButlerButler
    60. Wind
    61. Converter
    62. Con turret
    63. Wind ×4
    64. Converter
    65. Wind
    66. ButlerButler
    67. Converter
    68. Wind ×4
    69. Converter
    70. Con turret
    71. Converter
    72. Wind ×4
    73. Converter
    74. ButlerButler
    75. Wind
    76. Converter
    77. Wind ×3
    78. Converter
    79. Wind ×2
    80. Converter
    81. Wind ×3
    82. Converter
    83. Wind ×3
    84. Metal storage
    85. Converter
    86. Wind
    87. Converter
    88. Wind
    89. Converter
    90. Wind
    91. Converter
    92. Wind ×5
    93. Converter ×3
    94. Wind ×5
    95. Converter
    96. Wind ×5
    97. Converter ×2
    98. Wind ×5
    99. Converter ×2
    100. Wind ×3
    101. Con turret
    102. Wind ×2
    103. Converter ×2
    104. Wind ×5
    105. Converter
    106. Wind
    107. Converter
    108. Wind ×4
    109. Converter
    110. Advanced Bot LabEat Advanced Bot Labreclaimed for its metal
    111. Wind ×4
    112. Converter ×2
    113. Con turret
    114. Wind
    115. TracerTracer
    116. Wind
    117. Converter
    118. Wind ×3
    119. Con turret
    120. Wind ×2
    121. Converter
    122. Wind
    123. Converter
    124. Wind ×2
    125. Con turret
    126. Wind
    127. Con turret
    128. Wind ×5
    129. Converter ×2
    130. Wind ×4
    131. Converter
    132. Wind
    133. Converter
    134. Wind ×3
    135. Converter
    136. Fusion ReactorFusiondone 14:44
    137. Wind ×2
    138. Converter
    139. Con turret
    140. Wind ×3
    141. Converter
    142. Wind
    143. Converter
    144. Wind ×2
    145. Con turret
    146. Wind
    147. Converter
    148. Wind
    149. Converter
    150. Wind ×3
    151. Con turret
    152. Wind
    153. Converter
    154. Wind
    155. Converter
    156. Wind ×3
    157. Converter
    158. Wind ×2
    159. Con turret
    160. Converter
    161. Wind ×2
    162. Converter
    163. Wind ×3
    164. Converter ×2
    165. Fusion ReactorFusion
    166. Wind
    167. Converter ×2
    168. Wind ×2
    169. Converter ×2
    170. Wind

Counts are medians over the build's games: half of them build more, half fewer. The example game is [MADO]MyDude's (31 OS, 28/09/2026); pick another.

Team trades

IN AT LEAST 30% OF ITS GAMES

You hand over

  • Construction Bot1 Con bot to Airfirst at 2:23 · in 84% of games
  • Advanced Construction Bot5 T2 con bot to Air or Geo sea or Pondfirst at 4:50 · in 99% of games
  • Butler2 Butler to Geo sea or Beach sea or Pondfirst at 9:06 · in 42% of games

You get

  • Hercules1 Light transport from Airfirst at 4:01 · in 86% of games

How it plays out

Typical game of this build, running totals by minute

Metal produced

020k40k
0:005:0010:0015:00

metal

Enemy metal destroyed

050100150
0:005:0010:0015:00

metal

Own metal lost

050100150
0:005:0010:0015:00

metal

1912 games.

Show as table
ByMetal produced: This buildEnemy metal destroyed: This buildOwn metal lost: This build
1:0038300
2:0091500
3:00165200
4:00314400
5:00484800
6:00579900
7:00722700
8:00906500
9:001118000
10:001352000
11:001624200
12:001965200
13:002343000
14:0027286074
15:0031503108130
WHAT THE NUMBERS SAY

Standard Tech play barely fights at all early, instead pouring metal into T2 infrastructure and constructors for the team.

  • + Metal produced hits 31679 by 15:00, by far the highest of any role here.
  • + T2 factory reached in 97% of games by 4:15, fastest and most reliable T2 timing.
  • − Enemy metal destroyed stays at 0 through 10:00, no early offense at all.
  • − Own metal lost also near 0, showing total avoidance of combat risk.
THE EXAMPLE YOU ARE READING

[MADO]MyDude

31.1 OS · 28/09/2026

Open source match ↗

2 received units
4754 metal received · 122471 energy received

Allied construction assistance is unknown. Timings are observations, not a promise of solo reproducibility.

Typical milestones

Bot Lab1:18Middle 50%: 1:13–1:32 · n=1912
Advanced Bot Lab4:16Middle 50%: 4:04–4:30 · n=1905
Advanced Metal Extractor5:29Middle 50%: 5:05–5:59 · n=1908

Played most by

Amrissa97games of this buildTheGeneraI70games of this buildAdeus57games of this buildEl_Turco55games of this buildKOT_44games of this build